 Dungeon Crawl Stone Soup version 0.30-a0-222-ge547ba4400 (webtiles) character file.

Game seed: 12734212354473592043

76 Aibolit the Ruffian (level 4, 0/38 HPs)
             Began as a Gnoll Wanderer on Oct 8, 2022.
             Slain by Terence
             ... wielding a +0 short sword
              (4 damage)
             ... on level 3 of the Dungeon.
             The game lasted 00:04:25 (2405 turns).

Aibolit the Ruffian (Gnoll Wanderer)                Turns: 2405, Time: 00:04:25

Health: 0/38       AC:  7    Str: 15    XL:     4   Next: 32%
Magic:  8/8        EV:  9    Int: 10    God:
Gold:   115        SH:  4    Dex: 11    Spells: 9/9 levels left

rFire   . . .      SeeInvis .    a - +0 club
rCold   . . .      Faith    .    c - +0 buckler
rNeg    . . .      Spirit   .    i - +0 scale mail
rPois   .          Reflect  .    (no helmet)
rElec   .          Harm     .    (no cloak)
rCorr   .          Rampage  .    (no gloves)
Will    .....                    (no boots)
Stlth   ..........               (no amulet)
HPRegen 0.26/turn                (no ring)
MPRegen 0.11/turn                (no ring)

@: no status effects
A: fangs 1, strong nose, distributed training
a: no special abilities


You were on level 3 of the Dungeon.
You visited 1 branch of the dungeon, and saw 3 of its levels.

You collected 115 gold pieces.

Inventory:

Hand Weapons
 a - a +0 club (weapon)
Armour
 c - a +0 buckler (worn)
 i - a +0 scale mail (worn)
Scrolls
 j - a scroll of magic mapping
 l - a scroll of summoning {unknown}
 m - a scroll of noise {unknown}
 n - a scroll of vulnerability
 o - a scroll of amnesia
 p - a scroll of silence
Potions
 b - 3 potions of heal wounds
 e - a potion of lignification {unknown}
 f - a potion of berserk rage
 h - a potion of flight {unknown}
 k - a potion of curing {unknown}


   Skills:
 + Level 4.6 Fighting
 + Level 1.1 Short Blades
 + Level 1.1 Long Blades
 + Level 1.1 Axes
 + Level 1.1 Maces & Flails
 + Level 1.1 Polearms
 + Level 1.1 Staves
 + Level 1.1 Ranged Weapons
 + Level 1.1 Throwing
 + Level 4.6 Armour
 + Level 1.1 Dodging
 + Level 1.1 Stealth
 + Level 2.7 Shields
 + Level 6.6 Unarmed Combat
 + Level 3.0 Spellcasting
 + Level 0.9 Conjurations
 + Level 0.9 Hexes
 + Level 0.9 Summonings
 + Level 0.9 Necromancy
 + Level 0.9 Translocations
 + Level 0.9 Transmutations
 + Level 0.9 Fire Magic
 + Level 0.9 Ice Magic
 + Level 0.9 Air Magic
 + Level 0.9 Earth Magic
 + Level 2.2 Poison Magic
 + Level 1.2 Invocations
 + Level 1.1 Evocations


You had 9 spell levels left.
You didn't know any spells.
Your spell library contained the following spells:

 Spells                   Type           Power      Damage    Failure   Level
 Poisonous Vapours        Pois/Air       8%         N/A       71%         2
 Cigotuvi's Dreadful Rot  Necr/Pois/Air  8%         N/A       75%         2
 Sublimation of Blood     Necr           3%         N/A       80%         2
 Petrify                  Tmut/Erth      3%         N/A       100%        4
 Irradiate                Conj/Tmut      1%         3d12      100%        5


Dungeon Overview and Level Annotations

Branches:
Dungeon (3/15)

Altars:

Shops:
D:1 (   D:2 *

Annotations:
D:3 Terence


Innate Abilities, Weirdness & Mutations

You have very sharp teeth.
Your uncanny sense of smell can sniff out nearby items.
Your experience applies equally to all skills.


Message History

You see here 19 gold pieces.
You now have 115 gold pieces (gained 19).
You block Terence's attack.
You catch the helpless Terence completely off-guard!
You hit Terence but do no damage.
Terence is lightly wounded.
The orc barely misses you. You block Terence's attack.
The orc barely misses you.
You closely miss Terence.
Terence is lightly wounded.
Terence hits you with a +0 short sword. You block the orc's attack.
Terence hits you but does no damage.
You flicker for a moment.
The orc misses you. Terence hits you but does no damage.
You closely miss Terence.
Terence is lightly wounded.
The orc closely misses you.
You closely miss Terence.
Terence is lightly wounded.
Terence hits you with a +0 short sword. The orc closely misses you.
You hit the orc but do no damage.
You flicker back into view.
Terence hits you but does no damage. The orc hits you with a +0 flail.
Terence misses you.
You hit Terence but do no damage.
Terence is lightly wounded.
The orc hits you with a +0 flail.
* * * LOW HITPOINT WARNING * * *
Terence hits you but does no damage.
You hit the orc but do no damage. The orc hits you with a +0 flail.
* * * LOW HITPOINT WARNING * * *
Terence hits you but does no damage. The orc closely misses you.
You barely miss the orc. Terence hits you but does no damage.
The orc barely misses you. Terence hits you with a +0 short sword.
* * * LOW HITPOINT WARNING * * *
You closely miss the orc. The orc closely misses you.
Terence barely misses you.
You closely miss the orc. The orc barely misses you.
Terence hits you with a +0 short sword.
You die...

#.# #.# #.# #.# #.#
#.# #.# #.# ∆ #.# #.#
#.# #.# # #.#
#.#######.##
#.#######..o@......##
#..........@.........
##################.#.


You could see Terence and an orc.

Vanquished Creatures
  An adder (D:2)
  A worm (D:2)
  A dart slug (D:2)
  5 ball pythons
  2 bats
  6 endoplasms
  4 giant cockroaches
  4 goblins (D:2)
  5 hobgoblins
  9 jackals
  3 kobolds
  2 quokkas (D:2)
  12 frilled lizards (D:2)
  A rat (D:2)
56 creatures vanquished.

Vanquished Creatures (others)
  A ball python (D:3)
  7 plants (D:2)
8 creatures vanquished.

Grand Total: 64 creatures vanquished

Notes
Turn   | Place    | Note
-------+----------+-------------------------------------------
     0 | D:1      | Aibolit the Gnoll Wanderer began the quest for the Orb.
     0 | D:1      | Aibolit set off with the following items: a +0 club, a
                  | potion of heal wounds, a +0 buckler, a potion of
                  | invisibility, a +0 leather armour, a potion of berserk
                  | rage; and the following spells available to memorise:
                  | Poisonous Vapours, Cigotuvi's Dreadful Rot.
     0 | D:1      | Reached XP level 1. HP: 20/20 MP: 4/4
   128 | D:1      | Reached XP level 2. HP: 26/26 MP: 5/5
  1004 | D:1      | Found Raschaf's Weapon Boutique.
  1090 | D:2      | Reached XP level 3. HP: 26/31 MP: 7/7
  1283 | D:2      | Reached skill level 1 in Invocations
  1368 | D:2      | Found Retaqos's General Store.
  1623 | D:2      | Reached skill level 1 in Short Blades
  1623 | D:2      | Reached skill level 1 in Long Blades
  1623 | D:2      | Reached skill level 1 in Axes
  1623 | D:2      | Reached skill level 1 in Maces & Flails
  1623 | D:2      | Reached skill level 1 in Polearms
  1623 | D:2      | Reached skill level 1 in Staves
  1623 | D:2      | Reached skill level 1 in Ranged Weapons
  1623 | D:2      | Reached skill level 1 in Throwing
  1623 | D:2      | Reached skill level 1 in Dodging
  1623 | D:2      | Reached skill level 1 in Stealth
  1623 | D:2      | Reached skill level 1 in Evocations
  1801 | D:2      | Reached XP level 4. HP: 34/38 MP: 8/8
  2296 | D:3      | Noticed Terence
  2405 | D:3      | Slain by Terence

Illustrated notes

Levels and vault maps discovered:
D:1:      minmay_arrival_four_houses, layout_loops_corners, serial_shops,
          nicolae_shop_window_shopping, hex_tiny, minmay_crystal_room
D:2:      layout_loops_ring, serial_shops, nicolae_lakefront_shop, st_stairs_5,
          minmay_lizard_king
D:3:      layout_loops_ring, grunt_qazlal_clouds,
          hellmonk_ecumenical_altar_inner_sanctum, nrook_campfire,
          feat_on_display, uniq_terence, uniq_crazy_yiuf_cottage

Skill      XL: |  1  2  3  4 |
---------------+-------------+-----
Poison Magic   | 2 |  2.2
Invocations    | 1 |  1.2
Short Blades   | 1 |  1.1
Long Blades    | 1 |  1.1
Axes           | 1 |  1.1
Maces & Flails | 1 |  1.1
Polearms       | 1 |  1.1
Staves         | 1 |  1.1
Ranged Weapons | 1 |  1.1
Throwing       | 1 |  1.1
Dodging        | 1 |  1.1
Stealth        | 1 |  1.1
Evocations     | 1 |  1.1
Spellcasting   | 3 |  3.0
Fighting       | |  4.6
Armour         | |  4.6
Shields        | |  2.7
Unarmed Combat | |  6.6
Conjurations   | |  0.9
Hexes          | |  0.9
Summonings     | |  0.9
Necromancy     | |  0.9
Translocations | |  0.9
Transmutations | |  0.9
Fire Magic     | |  0.9
Ice Magic      | |  0.9
Air Magic      | |  0.9
Earth Magic    | |  0.9

Action                   |  1- 3 |  4- 6 || total
-------------------------+-------+-------++-------
Melee: Club              |   185 |    96 ||   281
       Bite              |    17 |    16 ||    33
  Use: Scroll            |       |     4 ||     4
       Potion            |       |     1 ||     1
 Stab: Invisible         |       |     1 ||     1
Armor: Leather armour    |     9 |       ||     9
       Scale mail        |    76 |    42 ||   118
Dodge: Dodged            |    89 |    46 ||   135
Block: Buckler           |    41 |    23 ||    64

Table legend: (Time is in decaauts)
 A = Elapsed time spent in this place.
 B = Non-inter-level travel time spent in this place.
 C = Inter-level travel time spent in this place.
 D = Time resting spent in this place.
 E = Time spent auto-exploring this place.
 F = Levels seen in this place.
 G = Mean time per level.
                   A        B        C        D        E       F      G
               +--------+--------+--------+--------+--------+-----+--------+
         Total |   2490 |   2349 |    141 |    127 |   1611 |   3 |  830.0 |
       Dungeon |   2490 |   2349 |    141 |    127 |   1611 |   3 |  830.0 |
               +--------+--------+--------+--------+--------+-----+--------+

Top non-repeatable levels by time:
     D:2: 1268 daAuts
     D:1: 1099 daAuts
     D:3: 122 daAuts
